 Dungeon Crawl Stone Soup version 0.31.0-9-g3a7656b989 (webtiles) character file.

Game seed: 656456643443405704

235 qw the Ducker (level 5, -1/26 HPs)
             Began as a Spriggan Hunter on Feb 2, 2024.
             Slain by an orc priest
             ... wielding a +0 dagger
              (2 damage)
             ... on level 3 of the Dungeon.
             The game lasted 00:00:06 (1540 turns).

qw the Ducker (Spriggan Hunter)                     Turns: 1540, Time: 00:00:06

Health: -1/26      AC:  2    Str:  7    XL:     5   Next: 76%
Magic:  6/6        EV: 22    Int: 10    God:
Gold:   87         SH:  0    Dex: 21    Spells: 4/4 levels left

rFire   . . .        a - +0 shortbow
rCold   . . .        (shield currently unavailable)
rNeg    . . .        c - +0 robe
rPois   .            (helmet restricted)
rElec   .            (no cloak)
rCorr   .            (gloves unavailable)
SInv    +            (boots unavailable)
Will    .....        (no amulet)
Stlth   ++           (no ring)
HPRegen 0.24/turn    (no ring)
MPRegen 0.10/turn

%: no passive effects
@: very quick
A: very small, no large weapons, unfitting armour, see invisible, speed 3
a: no special abilities


You were on level 3 of the Dungeon.
You visited 1 branch of the dungeon, and saw 3 of its levels.

You collected 87 gold pieces.


Innate Abilities, Weirdness & Mutations

You are very small and have problems with some larger weapons.
You are too small for most types of armour.
You have supernaturally acute eyesight. (SInv)
You cover ground extremely quickly. (Speed+++)


   Skills:
 + Level 1.8 Fighting
 - Level 5.0 Ranged Weapons
 - Level 6.9 Dodging
 - Level 1.5 Stealth


You had 4 spell levels left.
You didn't know any spells.
Your spell library was empty.

Inventory:

Hand Weapons
 a - a +0 shortbow (weapon)
Armour
 c - a +0 robe (worn)
 h - a +2 robe of willpower
Wands
 g - a wand of light (2)
Scrolls
 e - a scroll of identify
Potions
 b - a potion of invisibility {unknown}
 d - a potion of curing
 f - a potion of cancellation

Dungeon Overview and Level Annotations

Branches:
Dungeon (3/15)

Altars:


Message History

You shoot an arrow. The arrow closely misses the orc.
You shoot an arrow. The arrow completely misses the orc.
You shoot an arrow. The arrow hits the orc!
You kill the orc!
You shoot an arrow. The arrow hits the orc.
The orc is severely wounded.
You shoot an arrow. The arrow closely misses the orc.
The orc completely misses you.
You shoot an arrow. The arrow hits the orc.
The orc is almost dead.
The orc priest misses you. The orc completely misses you.
You shoot an arrow. The arrow closely misses the orc.
The orc priest invokes the aid of Beogh against you.
Beogh smites you!
Ouch! That really hurt!
The orc completely misses you.
You shoot an arrow. The arrow hits the orc!
You kill the orc!
The orc priest invokes the aid of Beogh against you.
Beogh smites you!
The orc priest hits you with a +0 dagger.
You shoot an arrow.
The arrow closely misses the orc priest.
The orc priest hits you with a +0 dagger.
You shoot an arrow. The arrow hits the orc priest.
The orc priest is moderately wounded.
The orc priest closely misses you.
You shoot an arrow. The arrow barely misses the orc priest.
The orc priest completely misses you.
You shoot an arrow. The arrow hits the orc priest.
The orc priest is severely wounded.
The orc priest completely misses you.
You shoot an arrow.
The arrow closely misses the orc priest.
The orc priest invokes the aid of Beogh against you.
Pain shoots through your body!
You shoot an arrow.
The arrow closely misses the orc priest.
The orc priest hits you with a +0 dagger.
You die...

###########
..........#
..........#
..........#
..........#
..........#
..........#
......o@..#
......)...#
#........##
...)...).####
.......#....#
.)...#...##.#
.#.###.####.##.#
..................#
#..........###.#####


You could see an orc priest.

Vanquished Creatures
  Sigmund (D:3)
  An adder (D:2)
  A dart slug (D:2)
  4 orcs (D:3)
  3 bats
  3 endoplasms
  4 giant cockroaches (D:1)
  9 goblins
  6 hobgoblins
  A jackal (D:1)
  7 kobolds
  A quokka (D:3)
  9 ball pythons
  A frilled lizard (D:2)
51 creatures vanquished.

Notes
Turn   | Place    | Note
-------+----------+-------------------------------------------
     0 | D:1      | qw the Spriggan Hunter began the quest for the Orb.
     0 | D:1      | Reached XP level 1. HP: 10/10 MP: 2/2
     0 | D:1      | 0 ||| qw: Version: 0.3-a-155-g5e7d8dd
     0 | D:1      | 0 ||| qw: Game counter: 1390
     0 | D:1      | 0 ||| qw: Melee chars always use a shield: true
     0 | D:1      | 0 ||| qw: God list: Okawaru
     0 | D:1      | 0 ||| qw: Allow faded altars: false
     0 | D:1      | 0 ||| qw: Do Orc after clearing Dungeon:15 true
     0 | D:1      | 0 ||| qw: Do second Lair branch before Depths: true
     0 | D:1      | 0 ||| qw: Lair rune preference: random
     0 | D:1      | 0 ||| qw: Goals: Normal
     0 | D:1      | 0 ||| PLANNING D:1-11
    23 | D:1      | Reached skill level 3 in Dodging
   142 | D:1      | Reached XP level 2. HP: 14/14 MP: 3/3
   223 | D:1      | You fall into a shaft and drop 1 floor!
   271 | D:2      | Reached skill level 4 in Dodging
   296 | D:2      | 296 ||| READING scroll labelled UBLULYCWUA.
   302 | D:2      | 302 ||| READING 2 scrolls labelled WOINTOAPNI.
   303 | D:2      | 303 ||| READING scroll labelled GOVUCEHAVO.
   304 | D:2      | 304 ||| READING 2 scrolls labelled VATWESU QAFAR.
   426 | D:2      | 426 ||| DROPPING scroll of butterflies.
   427 | D:2      | 427 ||| DROPPING scroll of blinking.
   428 | D:2      | 428 ||| DROPPING scroll of vulnerability.
   455 | D:2      | 455 ||| FLEEEEING.
   456 | D:2      | 456 ||| FLEEEEING.
   457 | D:2      | 457 ||| FLEEEEING.
   458 | D:2      | 458 ||| FLEEEEING.
   642 | D:1      | Reached XP level 3. HP: 18/18 MP: 4/4
   771 | D:1      | 771 ||| READING scroll labelled CIAMUPT ETYDY.
   772 | D:1      | 772 ||| READING 3 scrolls labelled MAITSE NOCIT.
   773 | D:1      | 773 ||| DRINKING 2 bubbling green potions.
   774 | D:1      | 774 ||| DRINKING 2 purple potions.
   775 | D:1      | 775 ||| DROPPING 2 scrolls of fear.
  1291 | D:2      | 1291 ||| READING 2 scrolls labelled QAERESH WANTEOHUI.
  1291 | D:2      | 1291 ||| IDENTIFYING scroll labelled HIB KUNOBE
  1292 | D:2      | 1292 ||| READING scroll of identify.
  1292 | D:2      | 1292 ||| IDENTIFYING scroll labelled WON TIKOTAMPO
  1293 | D:2      | 1293 ||| DROPPING scroll of noise.
  1294 | D:2      | 1294 ||| DROPPING scroll of poison.
  1420 | D:3      | Noticed Sigmund
  1421 | D:3      | 1421 ||| ZAPPING wand of light (7) at -3,1 (Sigmund;
                  | floor).
  1422 | D:3      | 1422 ||| ZAPPING wand of light (6) at -2,1 (Sigmund;
                  | floor).
  1423 | D:3      | 1423 ||| ZAPPING wand of light (5) at -3,2 (Sigmund;
                  | floor).
  1424 | D:3      | 1424 ||| ZAPPING wand of light (4) at -2,1 (Sigmund;
                  | floor).
  1425 | D:3      | 1425 ||| ZAPPING wand of light (3) at -3,2 (Sigmund;
                  | floor).
  1425 | D:3      | Killed Sigmund
  1426 | D:3      | Reached skill level 6 in Dodging
  1426 | D:3      | Reached XP level 4. HP: 22/22 MP: 5/5
  1426 | D:3      | Reached XP level 5. HP: 25/25 MP: 6/6
  1534 | D:3      | HP: 5/26 [orc priest/divine providence (9)]
  1535 | D:3      | HP: 2/26 [orc priest/+0 dagger (1)]
  1540 | D:3      | Slain by an orc priest

Levels and vault maps discovered:
D:1:      lightli_molten_gateway, layout_basic, minmay_pentomino_x4
D:2:      layout_loops_cross, chequers_serial_rivers_room_b
D:3:      layout_basic, lemuel_tele_altar, serial_rivers,
          chequers_serial_rivers_marsh, chequers_serial_rivers_micro_b,
          chequers_serial_rivers_micro_a, chequers_serial_rivers_micro_c,
          chequers_serial_rivers_micro_d, uniq_sigmund

Skill      XL: |  1  2  3 |
---------------+----------+-----
Dodging        | 3 4 6 |  6.9
Ranged Weapons | 5 |  5.0
Fighting       | |  1.8
Stealth        | |  1.5

Action                     |  1- 3 |  4- 6 || total
---------------------------+-------+-------++-------
   Fire: Shortbow          |    97 |    31 ||   128
  Evoke: Wand              |     5 |       ||     5
    Use: Scroll            |     8 |       ||     8
         Potion            |     2 |       ||     2
 Armour: Robe              |     7 |     3 ||    10
  Dodge: Dodged            |    18 |    10 ||    28

Table legend:
 A = Non-vault XP
 B = Vault XP
 C = Vault XP percentage of total XP
 D = Non-vault monster count
 E = Vault monster count
 F = Vault count percentage of total count
                 A         B        C        D         E       F
            +---------+---------+-------+---------+---------+-------
      Total |     103 |     234 |  69.4 |      48 |       3 |   5.9
            +---------+---------+-------+---------+---------+-------
        D:1 |      29 |       3 |   9.4 |      17 |       2 |  10.5
        D:2 |      43 |       0 |   0.0 |      17 |       0 |   0.0
        D:3 |      31 |     231 |  88.2 |      14 |       1 |   6.7
            +---------+---------+-------+---------+---------+-------
